 Dungeon Crawl Stone Soup version 0.28-a0-664-gc179e30c89 (webtiles) character file.

Game seed: 10726496987206515584

93 timneilson the Covered (level 4, -2/28 HPs)
             Began as a Gargoyle Fighter on Oct 16, 2021.
             Slain by an ogre (7 damage)
             ... on level 3 of the Dungeon.
             The game lasted 00:02:23 (1881 turns).

timneilson the Covered (Gargoyle Fighter)           Turns: 1881, Time: 00:02:23

Health: -2/28      AC: 10    Str: 20    XL:     4   Next: 62%
Magic:  4/4        EV: 10    Int:  9    God:
Gold:   98         SH:  5    Dex:  9    Spells: 3/3 levels left

rFire   . . .      SeeInvis .   a - +1 long sword
rCold   . . .      Faith    .   c - +1 buckler
rNeg    + . .      Spirit   .   b - +0 scale mail
rPois   ∞          Reflect  .   (no helmet)
rElec   +          Harm     .   (no cloak)
rCorr   .          Rampage  .   (no gloves)
Will    .....                   (no boots)
Stlth   ..........              (no amulet)
HPRegen 0.09/turn               (no ring)
MPRegen 0.09/turn               (no ring)

@: mighty
A: sickness immunity, AC +3, negative energy resistance 1, electricity
resistance, torment resistance 1, petrification resistance
a: no special abilities


You were on level 3 of the Dungeon.
You visited 1 branch of the dungeon, and saw 3 of its levels.

You collected 98 gold pieces.

Inventory:

Hand Weapons
 a - a +1 long sword (weapon)
Armour
 b - a +0 scale mail (worn)
 c - a +1 buckler (worn)
Scrolls
 e - 3 scrolls of enchant armour
 f - a scroll of identify
Potions
 h - a potion of heal wounds
 j - a potion of curing {unknown}


   Skills:
 + Level 3.5 Fighting
 * Level 2.7 Long Blades
 * Level 4.0 Armour
 + Level 1.0 Dodging
 * Level 4.0 Shields


You had 3 spell levels left.
You didn't know any spells.
Your spell library contained the following spells:

 Spells                   Type           Power      Damage    Failure   Level
 Foxfire                  Conj/Fire      0%         2x1d4     75%         1
 Summon Small Mammal      Summ           0%         N/A       75%         1
 Call Canine Familiar     Summ           0%         N/A       98%         3
 Conjure Flame            Conj/Fire      0%         6-21      98%         3
 Inner Flame              Hex/Fire       0%         N/A       98%         3
 Summon Guardian Golem    Hex/Summ       0%         N/A       98%         3
 Flame Wave               Conj/Fire      0%         3d3       100%        4


Dungeon Overview and Level Annotations

Branches:
Dungeon (3/15)

Altars:
Trog

Shops:
D:1 ?


Innate Abilities, Weirdness & Mutations

You are immune to sickness and miasma.
Your stone body is resilient. (AC +3)
You are immune to poison.
You resist negative energy. (rN+)
You are resistant to electric shocks. (rElec)
You are resistant to unholy torment.
You are immune to petrification.


Message History

You kill the endoplasm!
Your Dodging skill increases to level 1!
No target in view!
No target in view!
No target in view!
No target in view!
No target in view!
No target in view!
No target in view!
No target in view!
No target in view!
No target in view!
No target in view!
No target in view!
No target in view!
No target in view!
Found a stone staircase leading up.
No target in view!
An ogre comes into view. It is wielding a +0 giant club.
The ogre shouts!
You feel very mighty all of a sudden.
An adder comes into view.
The adder hisses angrily.
You barely miss the ogre. The ogre hits you with a +0 giant club.
You slash the ogre!
The ogre is moderately wounded.
The ogre hits you with a +0 giant club!
You hit the ogre.
The ogre is heavily wounded.
The adder closely misses you. The ogre closely misses you.
The adder barely misses you.
You barely miss the ogre.
The ogre is heavily wounded.
The ogre hits you with a +0 giant club!
* * * LOW HITPOINT WARNING * * *
The adder closely misses you.
You hit the ogre.
The ogre is severely wounded.
You block the adder's attack. The ogre hits you with a +0 giant club!
You die...

## #...#####.### .#
#.#..##..... ..
.#######.##....#.# ##..
.........#.......# #....
#........#.##..####....
#.......#...........# .
#...........#...?<..#...
#..........#............
#.......####....@S...#..
........# #....O....#
#.......# #.........#
........# #.........#
#.......# #.........#
##.###### #.........#
#.# #.........# #.#
#.........# #.#


You could see an ogre and an adder.

Vanquished Creatures
  An iguana (D:2)
  2 adders (D:2)
  6 endoplasms
  A giant cockroach (D:3)
  3 goblins
  4 hobgoblins
  9 jackals
  A kobold (D:2)
  4 quokkas
  2 ball pythons (D:2)
  3 bats (D:1)
  5 rats
41 creatures vanquished.

Notes
Turn   | Place    | Note
-------+----------+-------------------------------------------
     0 | D:1      | timneilson the Gargoyle Fighter began the quest for the
                  | Orb.
     0 | D:1      | Reached XP level 1. HP: 14/14 MP: 1/1
   120 | D:1      | Reached XP level 2. HP: 19/19 MP: 2/2
   549 | D:1      | Found Aggu's Magic Scroll Shoppe.
   743 | D:1      | Found a faded altar of an unknown god.
   861 | D:2      | Reached XP level 3. HP: 23/23 MP: 3/3
  1081 | D:2      | Found a bloodstained altar of Trog.
  1094 | D:2      | Reached XP level 4. HP: 5/28 MP: 4/4
  1863 | D:3      | Reached skill level 1 in Dodging
  1873 | D:3      | Noticed an ogre
  1881 | D:3      | Slain by an ogre

Illustrated notes

Levels and vault maps discovered:
D:1:      onia_arrival_handbag, layout_loops_cross, serial_shops,
          nicolae_shop_stone, shapermc_ecumenical_altar_notcrosses
D:2:      layout_rooms, basic_altar
D:3:      layout_rooms, uniq_crazy_yiuf_cottage

Skill      XL: |  1  2  3  4 |
---------------+-------------+-----
Long Blades    | 2 |  2.7
Armour         | 4 |  4.0
Shields        | 4 |  4.0
Dodging        | 1 |  1.0
Fighting       | |  3.5

Action                   |  1- 3 |  4- 6 || total
-------------------------+-------+-------++-------
Melee: Long sword        |    86 |    46 ||   132
  Use: Scroll            |     2 |     5 ||     7
       Potion            |       |     1 ||     1
Armor: Scale mail        |    58 |    22 ||    80
Dodge: Dodged            |    53 |    22 ||    75
Block: Buckler           |    16 |    13 ||    29

Table legend: (Time is in decaauts)
 A = Elapsed time spent in this place.
 B = Non-inter-level travel time spent in this place.
 C = Inter-level travel time spent in this place.
 D = Time resting spent in this place.
 E = Time spent auto-exploring this place.
 F = Levels seen in this place.
 G = Mean time per level.
                   A        B        C        D        E       F      G
               +--------+--------+--------+--------+--------+-----+--------+
         Total |   1920 |   1862 |     58 |      0 |   1541 |   3 |  640.0 |
       Dungeon |   1920 |   1862 |     58 |      0 |   1541 |   3 |  640.0 |
               +--------+--------+--------+--------+--------+-----+--------+

Top non-repeatable levels by time:
     D:2: 949 daAuts
     D:1: 857 daAuts
     D:3: 113 daAuts
